 Dungeon Crawl Stone Soup version 0.21.1 (webtiles) character file.

11 Monsterracer the Vexing (level 2, 0/23 HPs)
             Began as a Draconian Arcane Marksman on Feb 2, 2018.
             Slain by a hobgoblin (3 damage)
             ... on level 1 of the Dungeon.
             The game lasted 00:01:33 (341 turns).

Monsterracer the Vexing (Draconian Arcane Marksman)  Turns: 341, Time: 00:01:34

Health: 0/23       AC:  4    Str: 12    XL:     2   Next: 17%
Magic:  3/3        EV: 12    Int: 13    God:
Gold:   18         SH:  0    Dex: 11    Spells: 2/3 levels left

rFire    . . .     SeeInvis .     - Unarmed
rCold    . . .     Gourm    .   (no shield)
rNeg     . . .     Faith    .   (armour unavailable)
rPois    .         Spirit   .   (helmet restricted)
rElec    .         Reflect  .   (no cloak)
rCorr    .         Harm     .   (no gloves)
MR       .....                  (no boots)
Stlth    +.........             (no amulet)
HPRegen  0.07/turn              (no ring)
MPRegen  0.08/turn              (no ring)

@: no status effects
A: unfitting armour, cold-blooded, AC +4
a: no special abilities


You were on level 1 of the Dungeon.
You were not hungry.

You visited 1 branch of the dungeon, and saw 1 of its levels.

You collected 18 gold pieces.

Inventory:

Missiles
 b - 5 javelins
 d - 2 throwing nets {!f}
 e - 48 stones (quivered)
Scrolls
 h - a scroll of fear {unknown}
Potions
 f - a potion of might {unknown}
 g - a potion of invisibility {unknown}
 i - a potion of agility {unknown}
Books
 a - a book of Debilitation

   Spells                             Type                      Level
   a - Corona                         Hexes                        1
   b - Slow                           Hexes                        2
   c - Inner Flame                    Hexes/Fire                   3
   d - Portal Projectile              Hexes/Translocation          3
   e - Cause Fear                     Hexes                        4
   f - Leda's Liquefaction            Hexes/Earth                  4
Comestibles
 c - a ration


   Skills:
 - Level 1.1 Fighting
 - Level 1.7 Throwing
 - Level 1.7 Dodging
 + Level 1.9 Unarmed Combat
 - Level 1.0 Spellcasting
 - Level 2.6 Hexes


You had 2 spell levels left.
You knew the following spells:

 Your Spells              Type           Power        Failure   Level  Hunger
a - Corona                Hex            #......      10%         1    ##.....


Dungeon Overview and Level Annotations

Branches:
Dungeon (1/15)

Altars:


Innate Abilities, Weirdness & Mutations

Your plain brown scales are hard. (AC +4)
You cannot fit into any form of body armour.
You are cold-blooded and may be slowed by cold attacks.


Message History

You throw a stone. The stone closely misses the bat.
You hit the bat.
You kill the bat!
You have reached level 2!
Health restored: 23; MP restored: 3 A hobgoblin comes into view.
The hobgoblin shouts!
A leopard gecko comes into view.
There are monsters nearby!
There are monsters nearby!
Throwing (i - inventory. (,) - cycle):
e - 52 stones (quivered)
Press: ? - help, Shift-Dir - straight line, f - hobgoblin
Aim: a hobgoblin You throw a stone.
The stone closely misses the hobgoblin.
The stone hits the leopard gecko but does no damage.
A rat comes into view.
Throwing (i - inventory. (,) - cycle):
e - 51 stones (quivered)
Press: ? - help, Shift-Dir - straight line, f/p - hobgoblin
Aim: a hobgoblin You throw a stone.
The stone hits the hobgoblin.
The hobgoblin is moderately wounded.
Throwing (i - inventory. (,) - cycle):
e - 50 stones (quivered)
Press: ? - help, Shift-Dir - straight line, f/p - hobgoblin
Aim: a hobgoblin (moderately wounded)
You throw a stone. The stone closely misses the hobgoblin.
Throwing (i - inventory. (,) - cycle):
e - 49 stones (quivered)
Press: ? - help, Shift-Dir - straight line, f/p - hobgoblin
Aim: a hobgoblin (moderately wounded)
You throw a stone.
The stone hits the hobgoblin but does no damage.
The hobgoblin is moderately wounded.
A rat comes into view.
You barely miss the leopard gecko. The leopard gecko barely misses you.
You barely miss the hobgoblin.
The hobgoblin is moderately wounded.
The hobgoblin hits you. The leopard gecko bites you.
You take 4 damage, and have 19/23 hp.
You hit the hobgoblin.
The hobgoblin is moderately wounded.
The hobgoblin hits you. The leopard gecko closely misses you.
You take 1 damage, and have 18/23 hp.
You closely miss the hobgoblin.
The hobgoblin is moderately wounded.
The leopard gecko bites you. The hobgoblin closely misses you.
A kobold comes into view. It is wielding a club.
You take 1 damage, and have 17/23 hp.
The kobold shouts!
The hobgoblin barely misses you.
The rat twitches its whiskers.
The rat closely misses you. The rat bites you but does no damage.
The leopard gecko misses you. The leopard gecko bites you.
You take 4 damage, and have 13/23 hp.
You hit the rat.
You kill the rat!
You closely miss the leopard gecko. The leopard gecko barely misses you.
The leopard gecko bites you.
* * * LOW HITPOINT WARNING * * *
You take 4 damage, and have 9/23 hp.
You closely miss the leopard gecko.
Your tail-slap misses the leopard gecko.
The leopard gecko bites you.
* * * LOW HITPOINT WARNING * * *
You hit the leopard gecko. You tail-slap the leopard gecko.
The leopard gecko is severely wounded.
The leopard gecko misses you.
You closely miss the leopard gecko.
Your tail-slap misses the leopard gecko.
The leopard gecko is severely wounded.
The leopard gecko misses you.
You hit the leopard gecko.
The leopard gecko is almost dead.
The leopard gecko bites you.
* * * LOW HITPOINT WARNING * * *
You take 1 damage, and have 8/23 hp.
You barely miss the leopard gecko.
The leopard gecko is almost dead.
The leopard gecko closely misses you. x2
You barely miss the leopard gecko.
The leopard gecko is almost dead.
The leopard gecko bites you.
* * * LOW HITPOINT WARNING * * *
You take 1 damage, and have 7/23 hp.
You closely miss the leopard gecko.
The leopard gecko is almost dead.
The leopard gecko bites you.
* * * LOW HITPOINT WARNING * * *
You take 2 damage, and have 5/23 hp.
You barely miss the leopard gecko.
The leopard gecko is almost dead.
The leopard gecko bites you.
* * * LOW HITPOINT WARNING * * *
You take 4 damage, and have 1/23 hp.
You hit the leopard gecko.
You kill the leopard gecko!
There is a stone staircase leading down here.
The kobold throws a stone.
The stone barely misses you.
There is a stone staircase leading down here.
The hobgoblin hits you.
You die...

#####..................(......
#..##.......##..........#
#..##.###.#.##(..(......#
###..##.......##..........#
####....K..###K..##..........#
#.......######...##.K........#
#.##.#......##..r##.###..#####
# #.#.r######.#g##.####.###
..##.#..#.......@.......§..##
)......(..≈≈≈≈...##...≈§≈§..##
.........≈.≈≈≈≈......≈§§§§≈..#
.........≈≈<>≈≈.....§≈≈≈≈§≈..#
#.#.##...≈≈≈≈≈≈.....$≈≈≈≈§≈..#
..........≈≈≈≈..####..§≈≈§...#
...............##
##.§....#.####
...............# #..#####.....
####...........## ##..# ###...


You could see a hobgoblin, a kobold and a rat.

Vanquished Creatures
  A leopard gecko (D:1)
  A bat (D:1)
  A giant cockroach (D:1)
  2 hobgoblins (D:1)
  2 kobolds (D:1)
  2 rats (D:1)
9 creatures vanquished.

Notes
Turn   | Place    | Note
-------+----------+-------------------------------------------
     0 | D:1      | Monsterracer the Draconian Arcane Marksman began the quest for the Orb.
     0 | D:1      | Reached XP level 1. HP: 16/16 MP: 2/2
    28 | D:1      | Reached skill level 1 in Unarmed Combat
   286 | D:1      | Reached XP level 2. HP: 23/23 MP: 3/3
   305 | D:1      | HP: 9/23 [leopard gecko (4)]
   311 | D:1      | HP: 7/23 [leopard gecko (1)]
   313 | D:1      | HP: 1/23 [leopard gecko (4)]
   341 | D:1      | Slain by a hobgoblin

Skill      XL: |  1 |
---------------+----+-----
Unarmed Combat | 1 |  1.9
Fighting       | |  1.1
Throwing       | |  1.7
Dodging        | |  1.7
Spellcasting   | |  1.0
Hexes          | |  2.6

Action                   || total
-------------------------++-------
Melee: Unarmed           ||    28
       Tailslap          ||     2
Throw: Stone             ||    16
       Javelin           ||     6
Armor: Skin              ||     7
Dodge: Dodged            ||    23

Vault maps used:
D:1:      dpeg_arrival_pits
